 Dungeon Crawl Stone Soup version 0.24.0-37-gcf1ca852f1 (webtiles) character file.

Game seed: 1248127658012484218, levelgen mode: deterministic

527 Delamore the Cleaver (level 7, 0/57 HPs)
             Began as a Hill Orc Fighter on Nov 30, 2019.
             Succumbed to an orc wizard's poison
             ... on level 4 of the Dungeon.
             The game lasted 00:02:50 (2510 turns).

Delamore the Cleaver (Hill Orc Fighter)             Turns: 2510, Time: 00:02:50

Health: 0/57       AC: 12    Str: 21    XL:     7   Next: 23%
Magic:  7/7        EV:  3    Int:  8    God:
Gold:   133        SH:  9    Dex: 10    Spells: 6/6 levels left

rFire    . . .     SeeInvis .   a - +0 war axe
rCold    . . .     Gourm    .   c - +0 shield
rNeg     . . .     Faith    .   o - +0 plate armour
rPois    .         Spirit   .   g - +0 helmet
rElec    .         Reflect  .   (no cloak)
rCorr    .         Harm     .   (no gloves)
MR       .....                  (no boots)
Stlth    ..........             h - amulet of rage
HPRegen  0.19/turn              (no ring)
MPRegen  0.10/turn              (no ring)

@: lethally poisoned (0 -> -36)
A: no striking features
a: Evoke Berserk Rage


You were on level 4 of the Dungeon.
You were not hungry.

You visited 1 branch of the dungeon, and saw 4 of its levels.

You collected 133 gold pieces.

Inventory:

Hand Weapons
 a - a +0 war axe (weapon)
Missiles
 i - 2 javelins (quivered)
Armour
 b - a +0 scale mail
 c - a +0 shield (worn)
 g - a +0 helmet (worn)
 o - a +0 plate armour (worn)
Jewellery
 h - an amulet of rage (around neck)
Wands
 v - a wand of flame (9)
Scrolls
 j - 2 scrolls of remove curse {unknown}
 l - 2 scrolls of amnesia {unknown}
 p - a scroll of fear {unknown}
 r - a scroll of noise {unknown}
 t - 3 scrolls of identify {unknown}
 u - a scroll of teleportation {unknown}
Potions
 d - a potion of might
 e - a potion of lignification {unknown}
 k - 2 potions of mutation {unknown}
 m - 2 potions of haste {unknown}
 n - a potion of degeneration {unknown}
 q - 2 potions of curing {unknown}
 s - 2 potions of heal wounds {unknown}
 x - a potion of invisibility {unknown}
Comestibles
 f - 7 rations
 w - 2 chunks of flesh


   Skills:
 - Level 3.6 Fighting
 + Level 10.0 Axes
 - Level 3.2 Armour
 - Level 3.2 Shields


You had 6 spell levels left.
You didn't know any spells.
Your spell library was empty.

Dungeon Overview and Level Annotations

Branches:
Dungeon (4/15)
 Temple: D:4-7

Altars:
Ashenzari
Fedhas
Qazlal
Trog
Vehumet
Yredelemnul
Zin
The Shining One


Message History

The orc wizard blinks!
* * * LOW HITPOINT WARNING * * *
You feel very sick.
The orc wizard cheers loudly.
There is an open door, spattered with blood here.
Things that are here:
a +0 dagger; a +0 robe
* * * LOW HITPOINT WARNING * * *
You feel very sick.
There's a creature in the doorway!
You closely miss the orc wizard.
The orc wizard is almost dead.
* * * LOW HITPOINT WARNING * * *
You feel very sick.
The orc wizard hits you but does no damage. x2
You are more poisoned.
You slash the orc wizard!
You kill the orc wizard!
Your Axes skill increases to level 10!
You die...

....#.[.#
....#...#...
#.......
....#...##...#......
....#...##...#......
....#...# ........
....#...# .###..#
....'...# #.#..
....######.###.### #
....#...##.#..:.@#.#
....#...#..###.#)#.#
....#...#....#o#.).#
....#'###....###..##
.รท...............##
.................#
..............[..#
.................#
....#####.......##


There were no monsters in sight!

Vanquished Creatures
  A human (D:2)
  3 electric eels (D:3)
  An orc priest (D:3)
  3 orc wizards (D:4)
  3 worker ants (D:4)
  3 adders
  An ooze (D:1)
  A worm (D:2)
  3 dart slugs
  5 orcs (D:3)
  2 ball pythons
  4 giant cockroaches
  7 goblins
  2 jackals (D:4)
  6 bats
  3 frilled lizards
  A jackal zombie (D:2)
  3 kobolds
  5 rats
57 creatures vanquished.

Notes
Turn   | Place    | Note
-------+----------+-------------------------------------------
     0 | D:1      | Delamore the Hill Orc Fighter began the quest for the Orb.
     0 | D:1      | Reached XP level 1. HP: 19/19 MP: 1/1
    31 | D:1      | Reached skill level 3 in Axes
    60 | D:1      | Reached XP level 2. HP: 25/26 MP: 2/2
   114 | D:1      | Reached skill level 4 in Axes
   449 | D:1      | Reached XP level 3. HP: 29/31 MP: 3/3
   573 | D:2      | Found a runed translucent door.
   573 | D:2      | Noticed a human
   577 | D:2      | Found a basalt altar of Yredelemnul.
   601 | D:2      | Killed a human
   601 | D:2      | Reached skill level 7 in Axes
   601 | D:2      | Reached XP level 4. HP: 28/39 MP: 4/4
   601 | D:2      | Reached XP level 5. HP: 32/45 MP: 5/5
   701 | D:2      | Found a bloodstained altar of Trog.
   703 | D:2      | Found a radiant altar of Vehumet.
   704 | D:2      | Found a glowing golden altar of the Shining One.
   706 | D:2      | Found a shattered altar of Ashenzari.
   706 | D:2      | Found a blossoming altar of Fedhas.
   885 | D:2      | Found a stormy altar of Qazlal.
  1462 | D:3      | Found a transporter.
  1462 | D:3      | Found a transporter.
  1490 | D:3      | Reached skill level 8 in Axes
  1490 | D:3      | Reached XP level 6. HP: 51/51 MP: 6/6
  1942 | D:3      | Reached skill level 9 in Axes
  2317 | D:4      | Found a glowing silver altar of Zin.
  2359 | D:4      | Reached XP level 7. HP: 36/57 MP: 7/7
  2510 | D:4      | Reached skill level 10 in Axes
  2510 | D:4      | Succumbed to an orc wizard's poison

Levels and vault maps discovered:
D:1:      lemuel_arrival_funnel, layout_basic
D:2:      layout_rooms, grunt_qazlal_clouds, grunt_temple_overflow_open,
          st_stairs_7, dk_yredelemnul_ordeal
D:3:      gammafunk_steamed_eel, layout_loops_ring
D:4:      layout_gridville, lemuel_doored_altar, serial_shops, shop, shop, shop,
          shop_fountains, first_ration, minmay_a_box_with_orc_wizards_in_it

Skill      XL: |  1  2  3  4  5  6  7 |
---------------+----------------------+-----
Axes           | 3 4 7 8 9 10 | 10.0
Fighting       | |  3.6
Armour         | |  3.2
Shields        | |  3.2

Action                   |  1- 3 |  4- 6 |  7- 9 || total
-------------------------+-------+-------+-------++-------
Melee: War axe           |    96 |    90 |    17 ||   203
Evoke: Wand              |       |     3 |       ||     3
  Eat: Chunk             |       |     5 |       ||     5
Armor: Scale mail        |    58 |    10 |       ||    68
       Plate armour      |       |    42 |    17 ||    59
Dodge: Dodged            |    32 |    15 |     1 ||    48
Block: Shield            |    54 |    39 |     3 ||    96
